 Dungeon Crawl Stone Soup version 0.18.1-50-g88ac8fd (webtiles) character file.

213 theElss the Skirmisher (level 5, -4/34 HPs)
             Began as a Gargoyle Berserker on Oct 13, 2016.
             Was a Believer of Trog.
             Slain by an iron imp (8 damage)
             ... summoned by Eustachio
             ... on level 4 of the Dungeon.
             The game lasted 00:05:48 (2669 turns).

theElss the Skirmisher (Gargoyle Berserker)         Turns: 2669, Time: 00:05:48

Health: -4/34      AC:  9    Str: 21    XL:     5   Next: 90%
Magic:  5/5        EV: 11    Int:  8    God:    Trog [**....]
Gold:   110        SH:  4    Dex:  9    Spells: 0 memorised, 4 levels left

rFire  + . .     SeeInvis .     a - +0 mace
rCold  + . .     Gourm    .     t - +0 ring mail (curse)
rNeg   + . .     Faith    .     q - +0 buckler
rPois  ∞         Spirit   .     (no helmet)
rElec  +         Dismiss  .     (no cloak)
rCorr  .         Reflect  .     (no gloves)
SustAt .         Harm     .     (no boots)
MR     ++...                    (no amulet)
Stlth  ..........               y - ring of protection from cold
                                w - ring of protection from fire

@: exhausted, regenerating, slowed, very slow, very resistant to hostile
enchantments, extremely unstealthy
A: negative energy resistance 1, electricity resistance, unbreathing,
petrification resistance, rot immunity, AC +4
a: Berserk, Trog's Hand, Burn Spellbooks, Renounce Religion


You were on level 4 of the Dungeon.
You worshipped Trog.
Trog was pleased with you.
You were very hungry.

You visited 1 branch of the dungeon, and saw 4 of its levels.

You collected 110 gold pieces.

Inventory:

Hand Weapons
 a - a +0 mace (weapon)
Armour
 q - a +0 buckler (worn)
 t - a cursed +0 ring mail (worn)
 x - a +0 chain mail
Jewellery
 w - a ring of protection from fire (left hand)
 y - a ring of protection from cold (right hand)
Scrolls
 g - a scroll of fog {unknown}
 i - 4 scrolls of remove curse {unknown}
 k - 4 scrolls of teleportation {unknown}
 l - a scroll of enchant weapon {unknown}
 n - a scroll of blinking {unknown}
 p - 4 scrolls of identify {unknown}
 r - a scroll of fear {unknown}
 B - a scroll of random uselessness {unknown}
Potions
 e - a potion of heal wounds {unknown}
 f - a potion of cure mutation {unknown}
 m - a potion of ambrosia {unknown}
 o - a potion of berserk rage {unknown}
 s - a potion of agility {unknown}
 u - 2 potions of degeneration {unknown}
 v - a potion of mutation {unknown}
 z - a potion of haste {unknown}
 A - a potion of flight {unknown}
 C - a potion of curing {unknown}
Comestibles
 b - a chunk of flesh
 c - 2 bread rations
 d - 2 fruits
 h - a slice of pizza
 j - 4 meat rations


   Skills:
 + Level 4.4 Fighting
 + Level 3.9 Maces & Flails
 + Level 2.9 Armour
 + Level 2.5 Dodging
 + Level 0.2 Stealth
 * Level 2.6 Shields


You had 4 spell levels left.
You didn't know any spells.

Dungeon Overview and Level Annotations

Branches:
Dungeon (4/15)
 Temple: D:4-7

Altars:
Cheibriados
Gozag
Kikubaaqudgha
Ru
Trog

Annotations:
D:4 Eustachio


Innate Abilities, Weirdness & Mutations

You are resistant to torment.
Your stone body is resilient (AC +4).
You are immune to poison.
You resist negative energy.
You are resistant to electric shocks.
You can survive without breathing.
You are immune to petrification.
You are immune to rotting.


Message History

Unknown command.
You hit the quokka.
The quokka is moderately wounded.
Eustachio screams, "Hey, you killed my favourite bat!"
The quokka barely misses you. You block the quokka's attack.
The iron imp grinds its teeth.
The iron imp hits you!
* * * LOW HITPOINT WARNING * * *
The iron imp hits you!
* * * LOW HITPOINT WARNING * * *
The quokka bites you but does no damage.
The quokka closely misses you.
The iron imp hits you but does no damage. x2
The quokka barely misses you.
Your skin crawls.
You feel resistant to hostile enchantments.
You are feeling very hungry.
The quokka bites you but does no damage.
The quokka barely misses you. x2; The iron imp hits you!
You die...

### #.. #.########
#.#......
#######.##...#
....^...##...#
######..##r@.#####
>......rr@5r......
..####.###5.......
#.#...#.#####
#.#.#5.......
#.#.#.##.####
#.#.........#
#.#.#.##.##.#
###.##.##.#
#.......#


You could see Eustachio, 2 iron imps, a river rat, a shadow imp, 2 quokkas and a
rat.

Vanquished Creatures
  2 orc wizards (D:3)
  Ijyb (D:2)
  3 gnolls (D:2)
  3 adders (D:3)
  2 oozes
  2 worms (D:3)
  A dart slug (D:2)
  4 giant geckos
  7 orcs (D:3)
  A ball python (D:3)
  5 bats
  2 giant cockroaches
  5 goblins
  5 hobgoblins
  3 kobolds
  3 giant newts
  8 rats
57 creatures vanquished.

Notes
Turn   | Place    | Note
--------------------------------------------------------------
     0 | D:1      | theElss the Gargoyle Berserker began the quest for the Orb.
     0 | D:1      | Reached XP level 1. HP: 14/14 MP: 1/1
   211 | D:1      | Reached XP level 2. HP: 20/20 MP: 2/2
   716 | D:2      | Reached XP level 3. HP: 22/24 MP: 3/3
   736 | D:2      | Noticed Ijyb
   739 | D:2      | Found a snail-covered altar of Cheibriados.
   753 | D:2      | Killed Ijyb
   753 | D:2      | Reached skill level 4 in Fighting
   854 | D:2      | Found an opulent altar of Gozag.
  1074 | D:2      | Reached XP level 4. HP: 26/29 MP: 4/4
  1207 | D:2      | Reached skill level 1 in Shields
  1292 | D:2      | Reached ** piety under Trog
  1816 | D:3      | Reached XP level 5. HP: 31/34 MP: 5/5
  2221 | D:3      | Found a sacrificial altar of Ru.
  2230 | D:3      | Found an ancient bone altar of Kikubaaqudgha.
  2234 | D:3      | Found a bloodstained altar of Trog.
  2650 | D:4      | Noticed Eustachio
  2669 | D:4      | Slain by an iron imp

Skill      XL: |  1  2  3  4 |
---------------+-------------+-----
Fighting       | 4 |  4.4
Shields        | 2 |  2.6
Dodging        | 2 |  2.5
Maces & Flails | |  3.9
Armour         | |  2.9
Stealth        | |  0.2

Action                   |  1- 3 |  4- 6 || total
-------------------------+-------+-------++-------
Melee: Mace              |    73 |   162 ||   235
Invok: Berserk           |       |     2 ||     2
       Trog's Hand       |       |     1 ||     1
  Eat: Chunk             |       |     7 ||     7
Armor: Scale mail        |    17 |       ||    17
       Chain mail        |     9 |     5 ||    14
       Ring mail         |     7 |    71 ||    78
Dodge: Dodged            |    37 |    83 ||   120
Block: Buckler           |     5 |    26 ||    31
